 Seeded DCSS version 0.27-a0-1196-g3e9cee4cb2 (webtiles) character file.

Game seed: 13139434240342159461 (custom seed)

6 streetpizza the Firebug (level 1, 14/14 HPs)
             Began as a Draconian Fire Elementalist on May 27, 2021.
             Was a Follower of Fedhas.
             Quit the game on level 1 of the Dungeon.
             The game lasted 00:01:46 (337 turns).

streetpizza the Firebug (DrFE)                       Turns: 337, Time: 00:01:46

Health: 14/14      AC:  4    Str: 10    XL:     1   Next: 75%
Magic:  3/3        EV: 12    Int: 15    God:    Fedhas [*.....]
Gold:   0          SH:  0    Dex: 11    Spells: 3/4 levels left

rFire    . . .     SeeInvis .   a - +0 club
rCold    . . .     Faith    .   (no shield)
rNeg     . . .     Spirit   .   (armour unavailable)
rPois    .         Reflect  .   (helmet restricted)
rElec    .         Harm     .   (no cloak)
rCorr    .         Rampage  .   (no gloves)
Will     .....                  (no boots)
Stlth    ++........             (no amulet)
HPRegen  0.04/turn              (no ring)
MPRegen  0.08/turn              (no ring)

@: no status effects
A: AC +4, unfitting armour, cold-blooded
a: Renounce Religion


You were on level 1 of the Dungeon.
You worshipped Fedhas.
Fedhas was aware of your devotion.
You visited 1 branch of the dungeon, and saw 1 of its levels.

Inventory:

Hand Weapons
 a - a +0 club (weapon)
Scrolls
 b - a scroll of fog {unknown}
 c - a scroll of vulnerability {unknown}


   Skills:
 + Level 1.9 Dodging
 - Level 1.7 Stealth
 + Level 2.1 Spellcasting
 + Level 1.2 Conjurations
 + Level 3.1 Fire Magic


You had 3 spell levels left.
You knew the following spells:

 Your Spells              Type           Power      Damage    Failure   Level
a - Foxfire               Conj/Fire      32%        2x1d5     9%          1

Your spell library contained the following spells:

 Spells                   Type           Power      Damage    Failure   Level
 Conjure Flame            Conj/Fire      8%         6-21      26%         3
 Inner Flame              Hex/Fire       6%         N/A       34%         3
 Sticky Flame             Conj/Fire      8%         2d3       65%         4
 Fireball                 Conj/Fire      4%         3d4       94%         5


Dungeon Overview and Level Annotations

Branches:
Dungeon (1/15)

Altars:
Fedhas


Innate Abilities, Weirdness & Mutations

Your plain brown scales are hard. (AC +4)
You cannot fit into any form of body armour.
You are cold-blooded and may be slowed by cold attacks.


Message History

Your magical contamination has completely faded away.
HP restored.
c - a scroll labelled CIYT OFFYK A hobgoblin comes into view.
Found a short sword.
Casting: Foxfire (safe; 10% risk of failure)
Confirm with . or Enter, or press ? or * to list all spells.
You conjure some foxfire!
The foxfire hits the hobgoblin.
The hobgoblin is lightly wounded.
The foxfire hits the hobgoblin.
The hobgoblin is moderately wounded.
Casting: Foxfire (safe; 10% risk of failure)
Confirm with . or Enter, or press ? or * to list all spells.
You conjure some foxfire!
The foxfire hits the hobgoblin.
The hobgoblin is heavily wounded.
The foxfire hits the hobgoblin.
The hobgoblin is almost dead.
Casting: Foxfire (safe; 10% risk of failure)
Confirm with . or Enter, or press ? or * to list all spells.
You conjure some foxfire!
The hobgoblin hits you but does no damage.
The foxfire hits the hobgoblin.
You kill the hobgoblin!
Your foxfire dissipates!
You see here a +0 short sword.
You open the door.
There is an open door here.
Found a faded altar of an unknown god.
You enter the shallow water.
Moving in this stuff is going to be slow.
There is a faded altar of an unknown god here.
You cannot tell which god this altar belongs to.
Convert to them anyway?
Fedhas accepts your prayer! Fedhas welcomes you!
The plants of the dungeon cease their hostilities.
Unknown command.
Press < or > to pray at altars.
Are you sure you want to abandon this character and quit the game? (Confirm with "yes".)

###########
#.........# #########
#....≈....#
........####.≈..≈..≈.#
.......)...#.≈..≈..≈.#
........##.'####@####+
........####.≈..≈..≈.#
........# #.≈..≈..≈.#
........# #....≈....#
........# #.........#
........+ ###########
........# ........#
........#


There were no monsters in sight!

Vanquished Creatures
  A bat (D:1)
  2 hobgoblins (D:1)
  A kobold (D:1)
  A ball python (D:1)
5 creatures vanquished.

Vanquished Creatures (others)
  14 foxfires (D:1)
14 creatures vanquished.

Grand Total: 19 creatures vanquished

Notes
Turn   | Place    | Note
-------+----------+-------------------------------------------
     0 | D:1      | streetpizza the Draconian Fire Elementalist began the quest
                  | for the Orb.
     0 | D:1      | Reached XP level 1. HP: 14/14 MP: 3/3
   331 | D:1      | Found a faded altar of an unknown god.
   336 | D:1      | Became a worshipper of Fedhas Madash
   336 | D:1      | Reached * piety under Fedhas
   337 | D:1      | Quit the game

Illustrated notes

Levels and vault maps discovered:
D:1:      ncdulo_smallfort, layout_basic, shapermc_ecumenical_altar_notcrosses,
          minmay_strange_pillars

Action                   || total
-------------------------++-------
Melee: Club              ||    12
       Tailslap          ||     2
 Cast: Foxfire           ||     7
Armor: Skin              ||    22
Dodge: Dodged            ||    34

Table legend: (Time is in decaauts)
 A = Elapsed time spent in this place.
 B = Non-inter-level travel time spent in this place.
 C = Inter-level travel time spent in this place.
 D = Time resting spent in this place.
 E = Time spent auto-exploring this place.
 F = Levels seen in this place.
 G = Mean time per level.
                   A        B        C        D        E       F      G
               +--------+--------+--------+--------+--------+-----+--------+
         Total |    340 |    340 |      0 |      0 |    264 |   1 |  340.0 |
       Dungeon |    340 |    340 |      0 |      0 |    264 |   1 |  340.0 |
               +--------+--------+--------+--------+--------+-----+--------+

Top non-repeatable levels by time:
     D:1: 340 daAuts
